 Dungeon Crawl Stone Soup version 0.17.1-1-g73c8601 (webtiles) character file.

8448 Glider the Blocker (level 11, -4/63 HPs)
             Began as an Octopode Transmuter on Dec 29, 2015.
             Was a Believer of Dithmenos.
             Slain by a sky beast (5 damage)
             ... on level 11 of the Dungeon.
             The game lasted 00:49:34 (13732 turns).

Glider the Blocker (Octopode Transmuter)           Turns: 13732, Time: 00:49:35

Health: -4/63      AC:  6    Str: 10    XL:     11   Next: 31%
Magic:  32/32      EV: 20    Int: 20    God:    Dithmenos [**....]
Gold:   641        SH: 13    Dex: 18    Spells: 4 memorised, 4 levels left

rFire  . . .     SeeInvis .     z - +3 hand axe of Woe {venom, rC+ MP+9 Int+4 Dex+3}
rCold  + . .     Clarity  .     q - +1 shield {AC+3}
rNeg   . . .     SustAt   .     m - +2 hat
rPois  +         Gourm    .     (no amulet)
rElec  .         Spirit   .     l - ring of protection from magic
rCorr  .         Warding  .     w - ring of poison resistance
rMut   .         Stasis   .     F - ring of magical power
MR     +....                    I - +4 ring of evasion
Stlth  ++++++....               (no ring)
                                (no ring)
                                (no ring)
                                (no ring)

@: about to teleport, slowed, wreathed by umbra, very slow, somewhat resistant
to hostile enchantments, very stealthy
A: almost no armour, amphibious, 8 rings, constrict 8, camouflage 1, gelatinous
body 1
a: Shadow Step, Renounce Religion


You were on level 11 of the Dungeon.
You worshipped Dithmenos.
Dithmenos was pleased with you.
You were near starving.

You visited 1 branch of the dungeon, and saw 11 of its levels.

You collected 753 gold pieces.
You spent 112 gold pieces at shops.

Inventory:

Hand Weapons
 y - a +0 falchion of freezing
 z - the +3 hand axe of Woe (weapon) {venom, rC+ MP+9 Int+4 Dex+3}
   (You found it on level 5 of the Dungeon)

   It poisons the flesh of those it strikes.
   It affects your intelligence (+4).
   It affects your dexterity (+3).
   It protects you from cold.
   It affects your magic capacity (+9).
Missiles
 a - 175 arrows
Armour
 h - a +0 buckler
 m - a +2 hat (worn)
 q - a +1 shield of protection (worn)
Jewellery
 l - a ring of protection from magic (left tentacle)
 w - a ring of poison resistance (right tentacle)
 F - a ring of magical power (on tentacle)
 I - a +4 ring of evasion (on tentacle)
 T - an uncursed ring of ice
Wands
 A - a wand of disintegration (8)
 K - a wand of confusion (6)
 N - a wand of draining (8)
Scrolls
 d - 6 scrolls of magic mapping
 n - 3 scrolls of remove curse
 r - 2 scrolls of enchant armour
 u - 4 scrolls of fog
 v - 5 scrolls of amnesia
 E - 2 scrolls of fear
 G - 4 scrolls of identify
 L - a scroll of recharging {unknown}
 P - a scroll of noise {unknown}
 R - a scroll of torment {unknown}
Potions
 f - a potion of ambrosia
 g - 4 potions of haste
 i - a potion of degeneration {unknown}
 k - 2 potions of brilliance
 o - 3 potions of magic
 p - 2 potions of invisibility
 t - 4 potions of curing
 B - a potion of might
 D - a potion of agility
 H - 2 potions of poison {unknown}
 J - a potion of flight {unknown}
 M - 3 potions of lignification {unknown}
Books
 b - a book of Changes

   Spells                             Type                      Level
   a - Beastly Appendage              Transmutation                1
   b - Sticks to Snakes               Transmutation                2
   c - Spider Form                    Transmutation/Poison         3
   d - Ice Form                       Ice/Transmutation            4
   e - Blade Hands                    Transmutation                5
 e - a book of Air

   Spells                             Type                      Level
   a - Shock                          Conjuration/Air              1
   b - Swiftness                      Charms/Air                   2
   c - Repel Missiles                 Charms/Air                   2
   d - Static Discharge               Conjuration/Air              3
   e - Lightning Bolt                 Conjuration/Air              5
 C - a Grand Grimoire

   Spells                             Type                      Level
   a - Monstrous Menagerie            Summoning                    6
   b - Summon Greater Demon           Summoning                    7
   c - Malign Gateway                 Summoning/Translocation      7
   d - Summon Horrible Things         Summoning                    8
 Q - a book of the Tempests

   Spells                             Type                      Level
   a - Static Discharge               Conjuration/Air              3
   b - Lightning Bolt                 Conjuration/Air              5
   c - Fireball                       Conjuration/Fire             5
   d - Tornado                        Air                          9
   e - Shatter                        Earth                        9
 S - a book of Burglary

   Spells                             Type                      Level
   a - Swiftness                      Charms/Air                   2
   b - Passwall                       Transmutation/Earth          3
   c - Passage of Golubria            Translocation                4
   d - Lee's Rapid Deconstruction     Earth                        5
   e - Darkness                       Hexes                        6
   f - Invisibility                   Hexes                        6
Comestibles
 c - 14 bread rations
 j - 3 meat rations
 s - 2 beef jerkies
 O - 4 fruits


   Skills:
 - Level 1.0 Fighting
 - Level 6.1 Dodging
 - Level 5.1 Stealth
 - Level 11.0 Shields
 * Level 6.7 Unarmed Combat
 - Level 2.0 Spellcasting
 * Level 7.9 Transmutations
 * Level 3.1 Ice Magic
 - Level 5.3 Poison Magic


You had 4 spell levels left.
You knew the following spells:

 Your Spells              Type           Power        Failure   Level  Hunger
a - Beastly Appendage     Trmt           ####..       1%          1    #......
b - Sticks to Snakes      Trmt           ####......   1%          2    ##.....
c - Spider Form           Trmt/Pois      ####......   6%          3    ###....
d - Ice Form              Ice/Trmt       ###.....     28%         4    #####..


Dungeon Overview and Level Annotations

Branches:
Dungeon (11/15)
 Temple: D:4-7         Lair: D:8-11         Orc: D:9-12

Altars:
Ashenzari
Dithmenos
Fedhas
Gozag
Kikubaaqudgha
Makhleb
Nemelex Xobeh
Okawaru
Qazlal
Sif Muna
Xom
The Shining One

Shops:
D:4 :   D:7 ?   D:8 %

Annotations:
D:4 Edmund; Glider's ghost, novice OpTm


Innate Abilities, Weirdness & Mutations

You cannot wear most types of armour.
You are amphibious.
You can wear up to eight rings at the same time.
You can use your tentacles to constrict eight enemies at once.
Your skin changes colour to match your surroundings (Stealth).
Your rubbery body absorbs attacks (AC +1).


Message History

Reactivating autopickup.
The wraith hits you.
* * * LOW HITPOINT WARNING * * *
The wraith drains your vigour!
You feel yourself slow down.
* * * LOW HITPOINT WARNING * * *
The sky beast flickers out of sight!
Deactivating autopickup; reactivate with Ctrl-A.
Something hits you but does no damage. The wraith hits you.
* * * LOW HITPOINT WARNING * * *
Read which item? (? for menu, Esc to quit)
Okay, then.
You block its attack.
Read which item? (? for menu, Esc to quit)
As you read the scroll of teleportation, it crumbles to dust.
You feel strangely unstable. The wraith hits you.
* * * LOW HITPOINT WARNING * * *
Something hits you.
* * * LOW HITPOINT WARNING * * *
Something shocks you.
You die...

#...#...#..........
..#...#............
.#...#..............
#...#................
..#...............?..
.........................
.........................C
...............)...........
.............W@............
#............#....########
#..........#######
#........# #......##
##......# #######.....#
#...W.†.....# #.#######...#


You could see a wraith.

Vanquished Creatures
  Fannar (D:11)
  Erica (D:8)
  An ugly thing (D:11)
  Joseph (D:8)
  Psyche (D:8)
  A kobold demonologist (D:9)
  A troll (D:9)
  Prince Ribbit (D:8)
  A spriggan (D:7)
  A deep elf mage (D:9)
  A wyvern (D:9)
  10 yaks
  A steam dragon (D:10)
  A water moccasin (D:9)
  An orc warrior (D:7)
  An eye of draining (D:8)
  2 phantoms
  2 sky beasts (D:9)
  5 centaurs
  3 ice beasts
  A wasp (D:10)
  2 ogres
  2 big kobolds
  2 giant frogs
  A scorpion (D:4)
  3 killer bees (D:11)
  6 wights
  3 crimson imps
  2 giant frog zombies
  5 orc priests
  A giant frog skeleton (D:6)
  5 hounds
  8 orc wizards
  3 worker ants
  3 iguanas
  7 adders
  7 gnolls
  3 oozes
  An adder zombie (D:6)
  A worm (D:2)
  7 giant geckos
  29 orcs
  6 giant cockroaches
  6 hobgoblins
  12 jackals
  5 quokkas
  3 bats
  A giant gecko zombie (D:6)
  A giant newt (D:3)
  9 goblins
  A jackal skeleton (D:4)
  20 kobolds
  A quokka skeleton (D:8)
  9 rats
213 creatures vanquished.

Vanquished Creatures (collateral kills)
  An orc wizard (D:4)
  An orc (D:4)
2 creatures vanquished.

Grand Total: 215 creatures vanquished

Notes
Turn   | Place    | Note
--------------------------------------------------------------
     0 | D:1      | Glider the Octopode Transmuter began the quest for the Orb.
     0 | D:1      | Reached XP level 1. HP: 13/13 MP: 3/3
   342 | D:1      | Reached XP level 2. HP: 11/18 MP: 5/5
   355 | D:1      | Learned a level 2 spell: Sticks to Snakes
   647 | D:1      | Reached skill level 4 in Unarmed Combat
   810 | D:1      | Reached XP level 3. HP: 21/23 MP: 6/6
   977 | D:1      | Found a glowing golden altar of the Shining One.
  1202 | D:2      | Learned a level 3 spell: Spider Form
  2036 | D:3      | Found a sparkling altar of Nemelex Xobeh.
  2069 | D:3      | Reached XP level 4. HP: 15/28 MP: 7/7
  2645 | D:3      | Reached skill level 5 in Unarmed Combat
  3582 | D:3      | Reached XP level 5. HP: 27/33 MP: 5/8
  3667 | D:3      | Found an ancient bone altar of Kikubaaqudgha.
  3667 | D:3      | Found an opulent altar of Gozag.
  3709 | D:3      | Found a deep blue altar of Sif Muna.
  3759 | D:4      | Noticed Edmund
  3809 | D:4      | Found a shadowy altar of Dithmenos.
  3823 | D:4      | Became a worshipper of Dithmenos the Shadowed
  3998 | D:4      | Found Jaro's Book Shoppe.
  4124 | D:5      | Entered Level 5 of the Dungeon
  4418 | D:4      | Reached XP level 6. HP: 29/38 MP: 5/9
  4534 | D:5      | Got a shimmering hand axe
  4565 | D:4      | Identified the +3 hand axe of Woe {venom, rC+ MP+9 Int+4 Dex+3} (You found it on level 5 of the Dungeon)
  4745 | D:4      | Noticed Glider's ghost (novice OpTm)
  5252 | D:5      | Reached skill level 6 in Unarmed Combat
  5400 | D:5      | Reached skill level 1 in Shields
  5700 | D:5      | Found a burning altar of Makhleb.
  5701 | D:5      | Found a shimmering altar of Xom.
  5861 | D:6      | Found a shattered altar of Ashenzari.
  5886 | D:6      | Reached skill level 5 in Dodging
  5886 | D:6      | Reached XP level 7. HP: 21/43 MP: 10/10
  6917 | D:6      | Reached XP level 8. HP: 40/48 MP: 11/11
  7134 | D:6      | Reached skill level 5 in Shields
  7140 | D:6      | Learned a level 4 spell: Ice Form
  7242 | D:6      | Reached skill level 1 in Poison Magic
  7478 | D:6      | Found a blossoming altar of Fedhas.
  7551 | D:7      | Found Bocuek's Magic Scroll Emporium.
  8211 | D:7      | Reached * piety under Dithmenos
  8794 | D:7      | Bought a scroll of fog for 30 gold pieces
  8794 | D:7      | Bought a scroll of fear for 52 gold pieces
  8794 | D:7      | Bought a scroll of identify for 30 gold pieces
  8979 | D:8      | Reached XP level 9. HP: 53/53 MP: 12/12
  8996 | D:8      | Noticed Psyche
  9006 | D:8      | Killed Psyche
  9006 | D:8      | Reached skill level 5 in Poison Magic
  9055 | D:8      | Noticed Joseph
  9061 | D:8      | Found a stormy altar of Qazlal.
  9069 | D:8      | Killed Joseph
  9069 | D:8      | Reached skill level 5 in Transmutations
  9442 | D:8      | Noticed Prince Ribbit
  9459 | D:8      | Killed Prince Ribbit
  9717 | D:8      | Found Kas Ute's Food Shop.
  9844 | D:8      | Noticed Erica
  9854 | D:8      | Killed Erica
  9854 | D:8      | Reached skill level 7 in Shields
  9854 | D:8      | Reached XP level 10. HP: 48/58 MP: 13/13
 10215 | D:9      | Reached skill level 8 in Shields
 10250 | D:9      | Reached skill level 5 in Stealth
 10261 | D:8      | Reached ** piety under Dithmenos
 10940 | D:9      | Found an iron altar of Okawaru.
 10977 | D:9      | Found a stormy altar of Qazlal.
 11023 | D:9      | Reached skill level 9 in Shields
 11141 | D:9      | HP: 2/58 [troll (10)]
 11429 | D:9      | Identified a scroll of acquirement
 11765 | D:10     | Entered Level 10 of the Dungeon
 11955 | D:10     | Reached skill level 10 in Shields
 12503 | D:10     | Reached XP level 11. HP: 51/63 MP: 14/14
 13266 | D:11     | Noticed Fannar
 13281 | D:11     | Killed Fannar
 13281 | D:11     | Reached skill level 11 in Shields
 13732 | D:11     | HP: 1/63 [something (3)]
 13732 | D:11     | Slain by a sky beast

Action                   |  1- 3 |  4- 6 |  7- 9 | 10-12 || total
-------------------------+-------+-------+-------+-------++-------
Melee: Unarmed           |    85 |    85 |       |    21 ||   191
       Hand axe          |       |    40 |   169 |   257 ||   466
 Cast: Sticks to Snakes  |       |     7 |     3 |     2 ||    12
       Spider Form       |       |       |       |     2 ||     2
Invok: Shadow Step       |       |       |       |     1 ||     1
Evoke: Wand              |       |       |     1 |       ||     1
  Use: Scroll            |       |    12 |     2 |     9 ||    23
       Potion            |       |       |       |     2 ||     2
 Stab: Sleeping          |     6 |     5 |     6 |    17 ||    34
       Distracted        |       |     3 |       |     2 ||     5
  Eat: Chunk             |     4 |     9 |    11 |    10 ||    34
       Beef jerky        |       |     2 |     1 |       ||     3
       Fruit             |       |       |       |     2 ||     2
